[ AOE2 MATCH · #506901018 ]
UnrankedBohemians vs Ethiopians
Player's team · LOSS
[ REPLAY ANALYSIS · EXTRACTED FROM THE RECORDED GAME ]
Feudal
12:22
Castle
21:29
Imperial
—
| APM avg | 108.8 |
| APM peak | 225 |
| eAPM avg | 61.9 |
| Villagers / military | 150 / 68 |
Focus
⚔️ 51.6% · 🌾 48.4%
Archer ×35 · Mangonel ×17 · Hussite Wagon ×12 · Militia ×3 · Battering Ram ×1
Feudal
8:54
Castle
20:18
Imperial
—
| APM avg | 81.6 |
| APM peak | 129 |
| eAPM avg | 35.7 |
| Villagers / military | 126 / 83 |
Focus
⚔️ 59.9% · 🌾 40.1%
Archer ×56 · Mangonel ×24 · Militia ×3
Match map
Initial resources + every placement click. Lines = walls · curves = elevation contours. ◆ gold · ⬟ stone · ● berries · ✦ relic · ◌ wall gap
Your base· Open — 4t gap
DS_VarVa's base· Open — 3t gap
Smoothed initial terrain · ◌ = detected wall gap · hover for details
Inputs per minute
— Dobbs351 - - DS_VarVa
Build order — Dobbs351
First 150 of 363 actions detected
| 0:00 | Create | Villager (Male) |
| 0:01 | Create | Villager (Male) |
| 0:02 | Build | House |
| 0:02 | Build | House |
| 0:05 | Create | Villager (Male) |
| 0:05 | Create | Villager (Male) |
| 1:31 | Create | Villager (Male) |
| 1:43 | Create | Villager (Male) |
| 1:43 | Create | Villager (Male) |
| 1:48 | Build | Lumber Camp |
| 2:20 | Create | Villager (Male) |
| 2:45 | Create | Villager (Male) |
| 2:45 | Create | Villager (Male) |
| 3:02 | Create | Villager (Male) |
| 3:02 | Create | Villager (Male) |
| 3:49 | Create | Villager (Male) |
| 3:58 | Create | Villager (Male) |
| 4:05 | Build | House |
| 4:36 | Build | Barracks |
| 4:41 | Create | Villager (Male) |
| 4:41 | Create | Villager (Male) |
| 4:57 | Create | Villager (Male) |
| 5:05 | Build | House |
| 5:13 | Create | Villager (Male) |
| 5:49 | Create | Villager (Male) |
| 5:55 | Create | Militia |
| 6:00 | Build | Mill |
| 6:08 | Create | Villager (Male) |
| 6:21 | Create | Militia |
| 6:44 | Build | Palisade Wall |
| 6:46 | Build | House |
| 6:46 | Create | Villager (Male) |
| 6:58 | Create | Militia |
| 7:13 | Create | Villager (Male) |
| 7:18 | Build | Palisade Wall |
| 7:19 | Research | Loom |
| 7:20 | Research | Loom |
| 7:39 | Create | Villager (Male) |
| 7:48 | Build | Palisade Wall |
| 7:57 | Build | Palisade Wall |
| 7:58 | Build | Palisade Wall |
| 7:58 | Build | Palisade Wall |
| 8:00 | Build | Palisade Wall |
| 8:07 | Create | Villager (Male) |
| 8:09 | Build | Palisade Wall |
| 8:20 | Create | Villager (Male) |
| 8:22 | Build | Palisade Wall |
| 8:23 | Build | Palisade Wall |
| 8:24 | Build | Palisade Wall |
| 8:25 | Build | Palisade Wall |
| 8:26 | Build | Palisade Wall |
| 8:27 | Create | Villager (Male) |
| 8:30 | Build | Palisade Wall |
| 8:33 | Build | Palisade Wall |
| 8:35 | Build | Palisade Wall |
| 8:38 | Build | Palisade Wall |
| 8:39 | Build | Palisade Wall |
| 8:40 | Build | Palisade Wall |
| 8:46 | Create | Villager (Male) |
| 9:19 | Build | Farm |
| 9:21 | Build | Farm |
| 9:25 | Build | Farm |
| 9:34 | Build | Mining Camp |
| 9:59 | Create | Villager (Male) |
| 10:07 | Create | Villager (Male) |
| 10:12 | Research | Feudal Age |
| 10:29 | Build | Lumber Camp |
| 10:33 | Create | Villager (Male) |
| 11:31 | Build | Palisade Gate |
| 12:22 | Age | Feudal Age |
| 12:27 | Build | House |
| 12:31 | Build | Archery Range |
| 12:41 | Research | Double-Bit Axe |
| 12:41 | Research | Double-Bit Axe |
| 13:01 | Build | Archery Range |
| 13:01 | Create | Villager (Male) |
| 13:08 | Create | Villager (Male) |
| 13:18 | Create | Archer |
| 13:20 | Build | Palisade Wall |
| 13:29 | Build | Blacksmith |
| 13:40 | Create | Archer |
| 13:48 | Build | Blacksmith |
| 13:50 | Build | House |
| 13:52 | Create | Archer |
| 14:04 | Create | Villager (Male) |
| 14:09 | Create | Archer |
| 14:10 | Create | Archer |
| 14:10 | Create | Villager (Male) |
| 14:23 | Build | Farm |
| 14:30 | Research | Fletching |
| 14:30 | Research | Fletching |
| 14:33 | Build | House |
| 14:35 | Create | Villager (Male) |
| 14:53 | Create | Villager (Male) |
| 14:55 | Create | Villager (Male) |
| 15:03 | Build | Farm |
| 15:04 | Build | Farm |
| 15:08 | Build | Farm |
| 15:09 | Create | Archer |
| 15:10 | Create | Villager (Male) |
| 15:14 | Research | Wheelbarrow |
| 15:15 | Research | Horse Collar |
| 15:15 | Research | Horse Collar |
| 15:15 | Create | Villager (Male) |
| 15:18 | Create | Villager (Male) |
| 15:21 | Create | Villager (Male) |
| 15:47 | Create | Archer |
| 15:47 | Create | Villager (Male) |
| 15:50 | Create | Villager (Male) |
| 16:04 | Create | Villager (Male) |
| 16:07 | Build | Farm |
| 16:08 | Build | Farm |
| 16:09 | Build | Farm |
| 16:09 | Build | Farm |
| 16:10 | Build | Farm |
| 16:10 | Build | Farm |
| 16:19 | Create | Villager (Male) |
| 16:49 | Create | Archer |
| 16:49 | Create | Archer |
| 16:49 | Create | Villager (Male) |
| 16:55 | Create | Archer |
| 16:56 | Create | Villager (Male) |
| 16:59 | Build | Farm |
| 17:01 | Build | Farm |
| 17:37 | Create | Archer |
| 17:37 | Create | Archer |
| 17:54 | Create | Archer |
| 17:55 | Create | Villager (Male) |
| 18:10 | Build | Palisade Wall |
| 18:12 | Create | Villager (Male) |
| 18:14 | Create | Archer |
| 18:14 | Create | Villager (Male) |
| 18:22 | Build | Farm |
| 18:22 | Build | Farm |
| 18:22 | Build | Farm |
| 18:23 | Create | Villager (Male) |
| 18:34 | Create | Archer |
| 18:49 | Research | Castle Age |
| 18:49 | Research | Castle Age |
| 19:01 | Create | Archer |
| 19:01 | Create | Archer |
| 19:12 | Build | Archery Range |
| 19:22 | Create | Archer |
| 19:23 | Create | Villager (Male) |
| 19:29 | Research | Padded Archer Armor |
| 19:29 | Research | Padded Archer Armor |
| 19:35 | Build | House |
| 19:36 | Build | House |
| 19:45 | Create | Archer |
| 19:46 | Create | Villager (Male) |
Build order — DS_VarVa
First 150 of 326 actions detected
| 0:00 | Create | Villager (Male) |
| 0:01 | Create | Villager (Male) |
| 0:01 | Create | Villager (Male) |
| 0:02 | Create | Villager (Male) |
| 0:02 | Build | House |
| 0:04 | Build | House |
| 1:14 | Create | Villager (Male) |
| 1:42 | Create | Villager (Male) |
| 2:01 | Build | Lumber Camp |
| 2:05 | Create | Villager (Male) |
| 2:06 | Create | Villager (Male) |
| 2:31 | Create | Villager (Male) |
| 2:39 | Build | House |
| 3:03 | Create | Villager (Male) |
| 3:04 | Create | Villager (Male) |
| 3:26 | Create | Villager (Male) |
| 4:02 | Create | Villager (Male) |
| 4:28 | Create | Villager (Male) |
| 4:36 | Create | Villager (Male) |
| 4:36 | Create | Villager (Male) |
| 4:36 | Create | Villager (Male) |
| 5:25 | Create | Villager (Male) |
| 5:25 | Research | Loom |
| 5:30 | Build | Barracks |
| 6:31 | Build | House |
| 6:44 | Research | Feudal Age |
| 7:00 | Build | Mining Camp |
| 7:19 | Create | Militia |
| 7:26 | Build | Palisade Wall |
| 7:27 | Build | Palisade Wall |
| 7:42 | Create | Militia |
| 8:03 | Create | Militia |
| 8:19 | Build | Mill |
| 8:21 | Build | House |
| 8:54 | Age | Feudal Age |
| 8:56 | Build | House |
| 9:03 | Build | Palisade Wall |
| 9:11 | Build | Palisade Wall |
| 9:13 | Build | Palisade Wall |
| 9:16 | Research | Man-at-Arms (upgrade) |
| 9:16 | Research | Man-at-Arms (upgrade) |
| 9:16 | Create | Villager (Male) |
| 9:19 | Build | Palisade Wall |
| 9:20 | Build | Palisade Wall |
| 9:34 | Build | House |
| 9:38 | Create | Villager (Male) |
| 9:38 | Create | Villager (Male) |
| 9:43 | Build | Palisade Wall |
| 9:45 | Build | Palisade Wall |
| 9:47 | Build | Palisade Wall |
| 9:59 | Build | Archery Range |
| 9:59 | Create | Villager (Male) |
| 10:11 | Build | Farm |
| 10:13 | Build | Farm |
| 10:36 | Build | Farm |
| 10:41 | Create | Villager (Male) |
| 10:45 | Create | Archer |
| 11:00 | Build | Farm |
| 11:04 | Create | Villager (Male) |
| 11:12 | Create | Archer |
| 11:32 | Create | Villager (Male) |
| 11:33 | Build | House |
| 11:42 | Build | House |
| 11:43 | Build | Palisade Wall |
| 11:48 | Create | Archer |
| 11:59 | Create | Villager (Male) |
| 12:29 | Create | Archer |
| 12:33 | Create | Villager (Male) |
| 13:00 | Create | Archer |
| 13:00 | Create | Villager (Male) |
| 13:01 | Build | Farm |
| 13:11 | Create | Villager (Male) |
| 13:18 | Create | Villager (Male) |
| 13:31 | Build | Blacksmith |
| 13:31 | Create | Villager (Male) |
| 13:35 | Build | Farm |
| 13:43 | Create | Villager (Male) |
| 13:43 | Create | Villager (Male) |
| 13:46 | Build | Farm |
| 14:10 | Create | Villager (Male) |
| 14:12 | Create | Villager (Male) |
| 14:14 | Build | Farm |
| 14:42 | Research | Fletching |
| 14:42 | Create | Archer |
| 14:43 | Create | Villager (Male) |
| 14:44 | Build | House |
| 14:45 | Build | Palisade Wall |
| 14:52 | Create | Villager (Male) |
| 14:56 | Create | Archer |
| 14:57 | Create | Villager (Male) |
| 14:57 | Create | Villager (Male) |
| 14:59 | Build | Farm |
| 15:06 | Create | Archer |
| 15:09 | Create | Villager (Male) |
| 15:18 | Create | Villager (Male) |
| 15:21 | Create | Villager (Male) |
| 15:21 | Create | Villager (Male) |
| 15:36 | Create | Villager (Male) |
| 16:04 | Create | Villager (Male) |
| 16:05 | Build | House |
| 16:06 | Build | Palisade Wall |
| 16:16 | Create | Villager (Male) |
| 16:19 | Build | Farm |
| 16:27 | Build | Farm |
| 16:52 | Create | Villager (Male) |
| 16:55 | Create | Villager (Male) |
| 17:07 | Create | Villager (Male) |
| 17:38 | Research | Castle Age |
| 17:57 | Create | Archer |
| 18:12 | Create | Archer |
| 18:13 | Create | Archer |
| 18:13 | Create | Villager (Male) |
| 18:15 | Build | Archery Range |
| 18:25 | Create | Archer |
| 18:26 | Create | Villager (Male) |
| 18:37 | Build | House |
| 18:38 | Build | Palisade Wall |
| 18:39 | Research | Horse Collar |
| 18:43 | Research | Double-Bit Axe |
| 18:43 | Research | Double-Bit Axe |
| 19:06 | Create | Archer |
| 19:07 | Create | Archer |
| 19:08 | Create | Villager (Male) |
| 19:08 | Create | Villager (Male) |
| 19:08 | Create | Villager (Male) |
| 19:22 | Build | Lumber Camp |
| 19:23 | Create | Archer |
| 19:51 | Create | Archer |
| 20:04 | Create | Villager (Male) |
| 20:09 | Create | Archer |
| 20:18 | Age | Castle Age |
| 20:20 | Build | Siege Workshop |
| 20:21 | Research | Crossbowman (upgrade) |
| 20:21 | Research | Bodkin Arrow |
| 20:21 | Research | Bodkin Arrow |
| 20:46 | Create | Archer |
| 20:46 | Create | Archer |
| 20:46 | Create | Archer |
| 20:49 | Create | Archer |
| 20:50 | Create | Villager (Male) |
| 21:00 | Create | Archer |
| 21:01 | Create | Villager (Male) |
| 21:01 | Create | Villager (Male) |
| 21:02 | Build | University |
| 21:13 | Create | Archer |
| 21:13 | Create | Archer |
| 21:26 | Create | Archer |
| 21:26 | Create | Archer |
| 21:57 | Build | Siege Workshop |
| 21:59 | Create | Archer |
Match timeline
| 4:36 | Dobbs351 · first_building Barracks |
| 5:30 | DS_VarVa · first_building Barracks |
| 6:44 | Dobbs351 · wall_segment Palisade Wall x1 |
| 7:18 | Dobbs351 · wall_segment Palisade Wall x4 |
| 7:26 | DS_VarVa · wall_segment Palisade Wall x1 |
| 7:27 | DS_VarVa · wall_segment Palisade Wall x1 |
| 7:48 | Dobbs351 · wall_segment Palisade Wall x4 |
| 7:57 | Dobbs351 · wall_segment Palisade Wall x1 |
| 7:58 | Dobbs351 · wall_segment Palisade Wall x1 |
| 7:58 | Dobbs351 · wall_segment Palisade Wall x1 |
| 8:00 | Dobbs351 · wall_segment Palisade Wall x6 |
| 8:09 | Dobbs351 · wall_segment Palisade Wall x3 |
| 8:22 | Dobbs351 · wall_segment Palisade Wall x1 |
| 8:23 | Dobbs351 · wall_segment Palisade Wall x1 |
| 8:24 | Dobbs351 · wall_segment Palisade Wall x1 |
| 8:25 | Dobbs351 · wall_segment Palisade Wall x1 |
| 8:26 | Dobbs351 · wall_segment Palisade Wall x1 |
| 8:30 | Dobbs351 · wall_segment Palisade Wall x1 |
| 8:33 | Dobbs351 · wall_segment Palisade Wall x1 |
| 8:35 | Dobbs351 · wall_segment Palisade Wall x1 |
| 8:38 | Dobbs351 · wall_segment Palisade Wall x1 |
| 8:39 | Dobbs351 · wall_segment Palisade Wall x1 |
| 8:40 | Dobbs351 · wall_segment Palisade Wall x1 |
| 8:54 | DS_VarVa · age_up feudal |
| 9:03 | DS_VarVa · wall_segment Palisade Wall x2 |
| 9:11 | DS_VarVa · wall_segment Palisade Wall x1 |
| 9:13 | DS_VarVa · wall_segment Palisade Wall x1 |
| 9:19 | DS_VarVa · wall_segment Palisade Wall x1 |
| 9:20 | DS_VarVa · wall_segment Palisade Wall x1 |
| 9:43 | DS_VarVa · wall_segment Palisade Wall x1 |
| 9:45 | DS_VarVa · wall_segment Palisade Wall x1 |
| 9:47 | DS_VarVa · wall_segment Palisade Wall x1 |
| 9:59 | DS_VarVa · first_building Archery Range |
| 11:43 | DS_VarVa · wall_segment Palisade Wall x9 |
| 12:22 | Dobbs351 · age_up feudal |
| 12:31 | Dobbs351 · first_building Archery Range |
| 13:20 | Dobbs351 · wall_segment Palisade Wall x1 |
| 14:45 | DS_VarVa · wall_segment Palisade Wall x4 |
| 16:06 | DS_VarVa · wall_segment Palisade Wall x13 |
| 18:10 | Dobbs351 · wall_segment Palisade Wall x1 |
| 18:38 | DS_VarVa · wall_segment Palisade Wall x1 |
| 20:18 | DS_VarVa · age_up castle |
| 20:20 | DS_VarVa · first_building Siege Workshop |
| 21:29 | Dobbs351 · age_up castle |
| 21:32 | Dobbs351 · first_building Siege Workshop |
| 22:35 | DS_VarVa · wall_segment Palisade Wall x1 |
| 27:11 | DS_VarVa · first_market_sell 100 wood |
| 28:49 | Dobbs351 · first_building Castle |
| 30:07 | Dobbs351 · first_market_sell 500 stone |
| 30:08 | Dobbs351 · first_market_buy 100 food |
| 35:25 | DS_VarVa · first_market_buy 100 stone |
| 40:09 | DS_VarVa · first_building Castle |
| 41:22 | Dobbs351 · resign |
[ AI ANALYSIS · 1 CREDIT ]
What really happened in this match?
Wolo.gg analyzes every decision: build order, eco, micro, common mistakes by bracket. Personalized analysis on WhatsApp or Discord in 30 seconds.
Civ guide
Bohemians
Perfil
Jugador #246423